 Dungeon Crawl Stone Soup version 0.29.0-3-gbb0933ed62 (webtiles) character file.

Game seed: 17591134278893015086

79 NinjaNoafa the Magician (level 4, -2/31 HPs)
             Began as a Djinni Necromancer on Aug 25, 2022.
             Slain by an orc
             ... wielding a +0 hand axe
              (5 damage)
             ... on level 2 of the Dungeon.
             The game lasted 00:04:29 (1921 turns).

NinjaNoafa the Magician (Djinni Necromancer)        Turns: 1921, Time: 00:04:30

Health: -2/31      AC:  2    Str:  7    XL:     4   Next: 62%
Gold:   67         EV: 12    Int: 19    God:
                   SH:  7    Dex: 19

rFire   + + .      SeeInvis .   k - +1 short sword (drain)
rCold   x . .      Faith    .   g - +2 buckler
rNeg    . . .      Spirit   .   a - +0 robe
rPois   ∞          Reflect  .   (no helmet)
rElec   .          Harm     .   (no cloak)
rCorr   .          Rampage  .   (no gloves)
Will    .....                   (boots unavailable)
Stlth   ++........              (no amulet)
HPRegen 0.10/turn               d - +6 ring of dexterity
MPRegen 0.00/turn               (no ring)

@: flying
A: sickness immunity, fire resistance 2, cold vulnerability 1, float, innate
caster, HP casting, extra vitality 1
a: no special abilities


You were on level 2 of the Dungeon.
You visited 1 branch of the dungeon, and saw 2 of its levels.

You collected 67 gold pieces.

Inventory:

Hand Weapons
 j - a +3 whip
 k - a +1 short sword of draining (weapon)
Missiles
 e - 7 stones
Armour
 a - a +0 robe (worn)
 g - a +2 buckler (worn)
Jewellery
 d - a +6 ring of dexterity (left hand)
Scrolls
 l - a scroll of identify {unknown}
Potions
 b - a potion of brilliance {unknown}
 c - a potion of heal wounds {unknown}
 f - a potion of flight {unknown}
 h - a potion of haste {unknown}
 i - a potion of invisibility {unknown}
 m - a potion of curing {unknown}


   Skills:
 - Level 2.1 Dodging
 - Level 1.5 Stealth
 + Level 2.5 Shields
 + Level 3.9 Spellcasting


You couldn't memorise any spells.
You knew the following spells:

 Your Spells              Type           Power      Damage    Failure   Level
a - Necrotise             Necr           72%        1d7       3%          1
b - Vampiric Draining     Necr           18%        2d7       11%         3
c - Animate Dead          Necr           18%        N/A       34%         4
d - Agony                 Necr           18%        N/A       69%         5
e - Sting                 Tmut/Pois      72%        1d6       3%          1
Your spell library was empty.

Dungeon Overview and Level Annotations

Branches:
Dungeon (2/15)

Altars:


Innate Abilities, Weirdness & Mutations

You are immune to sickness and miasma.
You are immune to poison.
Your flesh is very heat resistant. (rF++)
You are vulnerable to cold. (rC-)
You float through the air rather than walking.
You learn spells naturally, not from books.
Your magical power is your life essence.
You have superior vitality. (+4 MHP)


Message History

Confirm with . or Enter, or press ? or * to list all spells.
Aiming: Sting (safe; 3% risk of failure)
Press: ? - help, Shift-Dir - straight line, f - frilled lizard, p - orc
Aim: a frilled lizard (57% to hit)
The sting hits the frilled lizard.
The frilled lizard is poisoned.
The frilled lizard is heavily wounded.
You kill the orc!
You kill the frilled lizard!
The orc writhes in agony.
A dart slug comes into view.
An endoplasm comes into view.
The orc writhes in agony.
You kill the orc!
The endoplasm quivers.
The dead are walking!
The ball python writhes in agony.
The ball python closely misses you. The ball python grabs you.
The ball python constricts you.
The ball python writhes in agony.
You kill the ball python!
The dead are slithering!
Your orc skeleton misses something.
Something writhes in agony.
The dart slug launches a dart at you. The slug dart hits you.
Your orc skeleton hits the orc.
Nothing appears to happen.
You block something's attack.
Deactivating autopickup; reactivate with Ctrl-A.
Your orc skeleton hits something but does no damage.
The orc writhes in agony.
The orc hits you with a +0 hand axe. Something hits you but does no damage.
Your orc skeleton closely misses something.
Your ball python skeleton bites the dart slug.
Your ball python skeleton grabs the dart slug.
Your ball python skeleton constricts the dart slug.
Casting: Necrotise (safe; 3% risk of failure)
Confirm with . or Enter, or press ? or * to list all spells.
Aiming: Sting (safe; 3% risk of failure)
Press: ? - help, Shift-Dir - straight line, p - orc The sting hits something.
The endoplasm freezes you.
You are frozen!
You feel a terrible chill!
* * * LOW HITPOINT WARNING * * *
Something hits you but does no damage. The orc hits you with a +0 hand axe.
You die...

.g..oo..# ##........
.....|.# ##..........
#...o..# #...........
#...o..# ##..?........
#.<....# #..........#
#.......$#.......Zw.##(
.##......#..)...........
.##......# #..Z.J....#
.######### ##..{@.....#
... .# #...o......# ....
.###### #..........# ...
......# #..........# ...
......# #.........## #.#
......#
#...#.$...#####.#
......#
#.#.##........#.###
......# #.#.
########.....# ......#
###.#: #######.#<##


You could see a dart slug (ally target), an orc (ally target), an endoplasm, a
friendly ball python skeleton and a friendly orc skeleton.

Vanquished Creatures
  3 adders (D:2)
  A worm (D:2)
  A dart slug (D:1)
  3 orcs (D:2)
  3 ball pythons
  4 bats (D:2)
  6 endoplasms
  2 goblins
  3 hobgoblins
  2 jackals (D:1)
  A quokka (D:1)
  2 frilled lizards (D:2)
  2 kobolds (D:1)
  6 rats
39 creatures vanquished.

Vanquished Creatures (collateral kills)
  A ball python (D:1)
  A goblin (D:1)
2 creatures vanquished.

Grand Total: 41 creatures vanquished

Notes
Turn   | Place    | Note
-------+----------+-------------------------------------------
     0 | D:1      | NinjaNoafa the Djinni Necromancer began the quest for the
                  | Orb.
     0 | D:1      | NinjaNoafa set off with the following spells memorised:
                  | Necrotise, Vampiric Draining, Animate Dead, Agony.
     0 | D:1      | Reached XP level 1. HP: 15/15 MP: 0/0
   288 | D:1      | Found a faded altar of an unknown god.
   293 | D:1      | Reached XP level 2. HP: 19/21 MP: 0/0
   368 | D:1      | Reached skill level 1 in Shields
   896 | D:1      | Reached XP level 3. HP: 16/25 MP: 0/0
   896 | D:1      | Learned a level 1 spell: Sting
  1771 | D:2      | Reached XP level 4. HP: 29/31 MP: 0/0
  1921 | D:2      | Slain by an orc

Illustrated notes

Levels and vault maps discovered:
D:1:      grunt_arrival_lava_bath, layout_loops_ring,
          hellmonk_ecumenical_altar_slurped_away
D:2:      layout_rooms

Skill      XL: |  1  2  3 |
---------------+----------+-----
Shields        | 1 2 |  2.5
Dodging        | |  2.1
Stealth        | |  1.5
Spellcasting   | |  3.9

Action                   |  1- 3 |  4- 6 || total
-------------------------+-------+-------++-------
Melee: Whip              |     4 |       ||     4
       Dagger            |     1 |       ||     1
       Short sword       |     9 |     4 ||    13
 Cast: Necrotise         |    46 |    12 ||    58
       Sting             |     6 |    10 ||    16
 Stab: Sleeping          |     1 |       ||     1
Armor: Robe              |     2 |     5 ||     7
Dodge: Dodged            |    11 |    14 ||    25
Block: Buckler           |    20 |     5 ||    25
